 Dungeon Crawl Stone Soup version 0.21.1-1-g345015fe64 (webtiles) character file.

533 Ivernyr the Shield-Bearer (level 7, -14/55 HPs)
             Began as a Human Fighter on Apr 9, 2018.
             Was a Believer of Zin.
             Demolished by an ogre
             ... wielding a +0 giant club
              (24 damage)
             ... on level 5 of the Dungeon.
             The game lasted 00:18:58 (5647 turns).

Ivernyr the Shield-Bearer (Human Fighter)           Turns: 5647, Time: 00:18:58

Health: -14/55     AC: 10    Str: 16    XL:     7   Next: 49%
Magic:  7/7        EV:  7    Int:  8    God:    Zin [**....]
Gold:   193        SH:  9    Dex: 15    Spells: 6/6 levels left

rFire    . . .     SeeInvis .   a - -1 spear (curse)
rCold    . . .     Gourm    .   c - +0 shield
rNeg     + . .     Faith    .   b - +0 scale mail
rPois    .         Spirit   .   (no helmet)
rElec    .         Reflect  .   p - +0 cloak
rCorr    .         Harm     .   v - +0 pair of gloves
MR       +....                  h - +1 pair of boots
Stlth    ..........             (no amulet)
HPRegen  0.18/turn              g - ring of protection from magic
MPRegen  0.10/turn              i - ring of positive energy

@: heavily drained
A: no striking features
a: Recite, Vitalisation, Donate Gold, Renounce Religion


You were on level 5 of the Dungeon.
You worshipped Zin.
Zin was pleased with you.
You were not hungry.

You visited 1 branch of the dungeon, and saw 5 of its levels.

You collected 214 gold pieces.
You donated 21 gold pieces to Zin.

Inventory:

Hand Weapons
 a - a cursed -1 spear (weapon)
 j - a +1 trident
Missiles
 e - 5 javelins
 t - 6 tomahawks
 B - 6 tomahawks of returning (quivered)
Armour
 b - a +0 scale mail (worn)
 c - a +0 shield (worn)
 h - a +1 pair of boots (worn)
 p - a +0 cloak (worn)
 v - a +0 pair of gloves (worn)
Jewellery
 g - a ring of protection from magic (left hand)
 i - a ring of positive energy (right hand)
Scrolls
 k - 2 scrolls of teleportation
 m - 2 scrolls of fog
 q - a scroll of immolation
Potions
 d - 3 potions of might
 l - a potion of flight {unknown}
 n - a potion of resistance {unknown}
 o - a potion of magic {unknown}
 r - a potion of brilliance {unknown}
 s - a potion of haste {unknown}
 u - 7 potions of curing {unknown}
 w - a potion of heal wounds {unknown}
 x - a potion of agility {unknown}
 A - a potion of cancellation {unknown}
Comestibles
 f - 4 rations


   Skills:
 + Level 4.7(2.3) Fighting
 - Level 2.0(0.0) Polearms
 + Level 4.7(2.3) Armour
 * Level 6.1(3.6) Shields


You had 6 spell levels left.
You didn't know any spells.

Dungeon Overview and Level Annotations

Branches:
Dungeon (5/15)
 Temple: D:4-7

Altars:
Gozag
Makhleb
Okawaru
Zin

Annotations:
D:3 terminal's ghost, amateur HOGl
D:4 Edmund; Sigmund


Message History

You block the ogre's attack.
You hit the ogre.
The ogre is heavily wounded.
Throwing (i - inventory. (,) - cycle):
B - 8 tomahawks of returning (quivered)
Press: ? - help, Shift-Dir - straight line, f/p - ogre
Aim: an ogre, wielding a giant club (heavily wounded)
You throw a tomahawk of returning.
The tomahawk of returning closely misses the ogre.
The tomahawk of returning fails to return to your pack!
The ogre hits you with a giant club!
* * * LOW HITPOINT WARNING * * *
Throwing (i - inventory. (,) - cycle):
B - 7 tomahawks of returning (quivered)
Press: ? - help, Shift-Dir - straight line, f/p - ogre
Aim: an ogre, wielding a giant club (heavily wounded)
You throw a tomahawk of returning.
The tomahawk of returning hits the ogre.
The ogre is severely wounded.
The tomahawk of returning fails to return to your pack!
The ogre hits you with a giant club!!
You die...

#.#........##.........#
#(#........##.........+
#......?...##.........#
#........##..........
#........##.........#
#........#.......####
#.....%..#.#######
#.########.#
#(..O@..†..#
############ #######
#...... #.##### #.# #..
#.###.# #.....# #######


You could see an ogre.

Vanquished Creatures
  Grinder (D:3)
  A big kobold (D:4)
  An orc priest (D:3)
  Natasha (D:2)
  A worker ant (D:4)
  5 adders
  4 gnolls (D:3)
  2 oozes
  2 worms
  2 dart slugs (D:1)
  3 leopard geckos
  9 orcs
  2 ball pythons (D:1)
  5 giant cockroaches
  8 goblins
  8 hobgoblins
  5 quokkas
  5 bats
  4 frilled lizards
  13 kobolds
  8 rats
90 creatures vanquished.

Notes
Turn   | Place    | Note
-------+----------+-------------------------------------------
     0 | D:1      | Ivernyr the Human Fighter began the quest for the Orb.
     0 | D:1      | Reached XP level 1. HP: 18/18 MP: 1/1
   271 | D:1      | Reached XP level 2. HP: 23/24 MP: 2/2
   445 | D:1      | Reached XP level 3. HP: 7/29 MP: 3/3
  1428 | D:2      | Reached skill level 4 in Shields
  1428 | D:2      | Reached XP level 4. HP: 31/35 MP: 4/4
  1571 | D:2      | Noticed Natasha
  1575 | D:2      | Killed Natasha
  1901 | D:2      | Reached XP level 5. HP: 41/41 MP: 5/5
  2184 | D:3      | Noticed Grinder
  2244 | D:3      | Killed Grinder
  2244 | D:3      | Reached skill level 5 in Shields
  2244 | D:3      | Reached XP level 6. HP: 42/48 MP: 6/6
  2852 | D:3      | Noticed terminal's ghost (amateur HOGl)
  3151 | D:3      | Reached XP level 7. HP: 54/55 MP: 7/7
  3158 | D:3      | Found a burning altar of Makhleb.
  3158 | D:3      | Noticed a blizzard demon
  3165 | D:3      | Found an opulent altar of Gozag.
  3165 | D:3      | Found a glowing silver altar of Zin.
  3186 | D:3      | Became a worshipper of Zin the Law-Giver
  3567 | D:3      | Found an iron altar of Okawaru.
  3571 | D:3      | Reached * piety under Zin
  3960 | D:4      | Paralysed by fainting for 5 turns
  4236 | D:4      | Reached skill level 6 in Shields
  4254 | D:4      | Reached ** piety under Zin
  4491 | D:4      | Noticed Sigmund
  4910 | D:4      | Paralysed by fainting for 12 turns
  5050 | D:4      | Noticed Edmund
  5097 | D:4      | HP: 2/55 [Edmund/flail of draining (6)]
  5521 | D:5      | Entered Level 5 of the Dungeon
  5647 | D:5      | Demolished by an ogre

Skill      XL: |  1  2  3  4  5  6  7 |
---------------+----------------------+-----
Shields        | 4 5 6 |  6.1
Fighting       | 4 |  4.7
Armour         | 4 |  4.7
Polearms       | |  2.0

Action                   |  1- 3 |  4- 6 |  7- 9 || total
-------------------------+-------+-------+-------++-------
Melee: Trident           |    37 |       |       ||    37
       Spear             |   126 |   197 |   374 ||   697
Throw: Javelin           |       |    10 |       ||    10
       Tomahawk          |       |    13 |     2 ||    15
Invok: Recite            |       |       |     1 ||     1
       Vitalisation      |       |       |     1 ||     1
  Use: Scroll            |       |       |     7 ||     7
  Eat: Chunk             |     1 |     6 |     3 ||    10
       Ration            |       |       |     2 ||     2
Armor: Scale mail        |    68 |    47 |   119 ||   234
Dodge: Dodged            |    50 |    45 |   102 ||   197
Block: Shield            |    62 |    95 |   148 ||   305
